 Dungeon Crawl Stone Soup version 0.27-a0-419-g7a85846853 (webtiles) character file.

Game seed: 15705984214532410065

8 Chiseanne the Sneak (level 2, 20/22 HPs)
             Began as a Demonspawn Wanderer on Feb 26, 2021.
             Quit the game on level 1 of the Dungeon.
             The game lasted 00:01:12 (334 turns).

Chiseanne the Sneak (Demonspawn Wanderer)            Turns: 334, Time: 00:01:12

Health: 20/22      AC:  4    Str: 13    XL:     2   Next: 0%
Magic:  2/2        EV: 11    Int: 13    God:
Gold:   28         SH:  0    Dex: 11    Spells: 1/1 levels left

rFire    . . .     SeeInvis .   a - +2 spear
rCold    . . .     Faith    .   (no shield)
rNeg     . . .     Spirit   .   f - +0 leather armour
rPois    .         Reflect  .   (no helmet)
rElec    .         Harm     .   (no cloak)
rCorr    .         Rampage  .   g - +0 pair of gloves
Will     .....                  (no boots)
Stlth    ++........             (no amulet)
HPRegen  0.07/turn              (no ring)
MPRegen  0.08/turn              (no ring)

@: no status effects
A: talons 1
a: no special abilities


You were on level 1 of the Dungeon.
You visited 1 branch of the dungeon, and saw 1 of its levels.

You collected 28 gold pieces.

Inventory:

Hand Weapons
 a - a +2 spear (weapon)
Missiles
 d - 37 stones (quivered)
Armour
 f - a +0 leather armour (worn)
 g - a +0 pair of gloves (worn)
Scrolls
 c - a scroll of teleportation
 e - 3 scrolls of identify {unknown}
Potions
 b - a potion of lignification
 h - 2 potions of flight {unknown}


   Skills:
 * Level 2.3 Fighting
 - Level 1.0 Short Blades
 - Level 1.0 Polearms
 - Level 1.0 Throwing
 + Level 0.4 Armour
 * Level 1.3 Dodging
 - Level 3.6 Stealth


You had one spell level left.
You didn't know any spells.
Your spell library was empty.

Dungeon Overview and Level Annotations

Branches:
Dungeon (1/15)

Altars:


Innate Abilities, Weirdness & Mutations

You have sharp toenails.


Message History

You hit the hobgoblin.
The hobgoblin is almost dead.
The hobgoblin hits you with a +0 club.
You hit the hobgoblin.
You kill the hobgoblin!
No target in view!
No target in view!
No target in view!
No target in view!
No target in view!
No target in view!
No target in view!
No target in view!
No target in view!
No target in view!
No target in view!
No target in view!
No target in view!
No target in view!
Things that are here:
a +0 club; a hobgoblin corpse You open the door.
A rat and a hobgoblin come into view. 2 jackals come into view.
There is an open door here.
You hit the jackal.
The jackal is moderately wounded.
The jackal closely misses you. x2
You barely miss the jackal.
The jackal is moderately wounded.
The jackal closely misses you.
You hit the jackal.
The jackal is severely wounded.
The jackal bites you. The jackal barely misses you.
You hit the jackal.
You kill the jackal!
You have reached level 2!
Your demonic ancestry asserts itself...
Your toenails lengthen and sharpen.
Are you sure you want to abandon this character and quit the game? (Confirm with "yes".)

......#
###.#..........####
.####...#
###.############ .#
# #.........)..# .#
#............# .#
#............# .#
#............# .#
#............# .#
###'########## .#
+.@.g...h.. ##
###........ #
#..r..... #
#........ #
#........ #........
#........ .......


You could see a jackal (asleep), a hobgoblin and a rat (asleep).

Vanquished Creatures
  A hobgoblin (D:1)
  A jackal (D:1)
  2 kobolds (D:1)
  A bat (D:1)
  3 rats (D:1)
8 creatures vanquished.

Notes
Turn   | Place    | Note
-------+----------+-------------------------------------------
     0 | D:1      | Chiseanne the Demonspawn Wanderer began the quest for the
                  | Orb.
     0 | D:1      | Chiseanne set off with the following items: a +2 spear, a
                  | potion of lignification, a scroll of teleportation, a +0
                  | robe, a +0 dagger
     0 | D:1      | Reached XP level 1. HP: 16/16 MP: 1/1
   333 | D:1      | Gained mutation: You have sharp toenails. [demonic
                  | ancestry]
   333 | D:1      | Reached XP level 2. HP: 20/22 MP: 2/2
   334 | D:1      | Quit the game

Illustrated notes

Levels and vault maps discovered:
D:1:      ebering_hopf_link, layout_basic, st_stairs_1, serial_bayou_crossing

Action                   || total
-------------------------++-------
Melee: Spear             ||    16
 Stab: Sleeping          ||     3
Armor: Leather armour    ||     3
Dodge: Dodged            ||     5

Table legend: (Time is in decaauts)
 A = Elapsed time spent in this place.
 B = Non-inter-level travel time spent in this place.
 C = Inter-level travel time spent in this place.
 D = Time resting spent in this place.
 E = Time spent auto-exploring this place.
 F = Levels seen in this place.
 G = Mean time per level.
                   A        B        C        D        E       F      G
               +--------+--------+--------+--------+--------+-----+--------+
         Total |    335 |    335 |      0 |      0 |    255 |   1 |  335.0 |
       Dungeon |    335 |    335 |      0 |      0 |    255 |   1 |  335.0 |
               +--------+--------+--------+--------+--------+-----+--------+

Top non-repeatable levels by time:
     D:1: 335 daAuts
